 Dungeon Crawl Stone Soup version 0.26-a0-771-g060e6a62af (webtiles) character file.

Game seed: 2881513975704841002

23 Queen the Firebug (level 2, -2/20 HPs)
             Began as a Draconian Fire Elementalist on Nov 8, 2020.
             Slain by an adder (3 damage)
             ... on level 2 of the Dungeon.
             The game lasted 00:03:39 (1360 turns).

Queen the Firebug (Draconian Fire Elementalist)     Turns: 1360, Time: 00:03:39

Health: -2/20      AC:  4    Str: 10    XL:     2   Next: 75%
Magic:  1/5        EV: 12    Int: 15    God:
Gold:   46         SH:  0    Dex: 11    Spells: 4/5 levels left

rFire    . . .     SeeInvis .   f - -2 spear (curse)
rCold    . . .     Faith    .   (no shield)
rNeg     . . .     Spirit   .   (armour unavailable)
rPois    .         Reflect  .   (helmet restricted)
rElec    .         Harm     .   (no cloak)
rCorr    .         Rampage  .   (no gloves)
MR       .....                  (no boots)
Stlth    ++........             (no amulet)
HPRegen  0.06/turn              (no ring)
MPRegen  0.09/turn              (no ring)

@: lethally poisoned (-2 -> -4)
A: unfitting armour, cold-blooded, AC +4
a: no special abilities


You were on level 2 of the Dungeon.
You visited 1 branch of the dungeon, and saw 2 of its levels.

You collected 46 gold pieces.

Inventory:

Hand Weapons
 f - a cursed -2 spear (weapon)
Scrolls
 b - 2 scrolls of identify {unknown}
 g - a scroll of remove curse {unknown}
 h - a scroll of noise {unknown}
Potions
 a - a potion of cancellation
 d - a potion of magic {unknown}
 e - a potion of degeneration {unknown}


   Skills:
 - Level 1.7 Dodging
 - Level 1.7 Stealth
 - Level 2.0 Spellcasting
 - Level 1.0 Conjurations
 + Level 4.1 Fire Magic


You had 4 spell levels left.
You knew the following spells:

 Your Spells              Type           Power        Failure   Level
a - Foxfire               Conj/Fire      #...         8%          1

Your spell library contained the following spells:

 Spells                   Type           Power        Failure   Level
 Conjure Flame            Conj/Fire      #.......     24%         3
 Inner Flame              Hex/Fire       #.......     28%         3
 Sticky Flame             Conj/Fire      #.......     61%         4
 Fireball                 Conj/Fire      #.........   91%         5


Dungeon Overview and Level Annotations

Branches:
Dungeon (2/15)

Altars:

Annotations:
D:2 Robin


Innate Abilities, Weirdness & Mutations

Your plain brown scales are hard. (AC +4)
You cannot fit into any form of body armour.
You are cold-blooded and may be slowed by cold attacks.


Message History

* * * LOW HITPOINT WARNING * * *
You feel sick. The adder barely misses you. x2
It was a potion of curing.
You feel better. The adder barely misses you.
Casting: Foxfire (safe; 8% risk of failure)
Confirm with . or Enter, or press ? or * to list all spells.
You conjure some foxfire!
The adder bites you.
* * * LOW HITPOINT WARNING * * *
You are poisoned.
The adder poisons you! The adder bites you.
* * * LOW HITPOINT WARNING * * *
Your foxfire dissipates!
* * * LOW HITPOINT WARNING * * *
You feel sick.
The foxfire hits the adder.
The adder is almost dead.
The adder closely misses you. The adder barely misses you.
You closely miss the goblin.
* * * LOW HITPOINT WARNING * * *
You feel sick. The adder bites you.
You die...

#......##.#.# #...#
#.##.#.##.#.###.######
# ......#.#...#......#
########.###.#..###.#
#.........#..#
#.#######
#.##>##...#.g#
#.......# #.#...g..g#
#######.# #.###g###g#
#.## #@# #.# #...
#S###.# #### #g..g.# #
####### # ## #. #. #.
#.


You could see an adder and 3 goblins.

Vanquished Creatures
  A worm (D:2)
  2 giant cockroaches (D:1)
  3 goblins
  A hobgoblin (D:1)
  A jackal (D:1)
  A quokka (D:2)
  2 ball pythons (D:1)
  2 bats (D:1)
  A frilled lizard (D:1)
  3 kobolds
  5 rats (D:1)
22 creatures vanquished.

Vanquished Creatures (others)
  74 foxfires
74 creatures vanquished.

Grand Total: 96 creatures vanquished

Notes
Turn   | Place    | Note
-------+----------+-------------------------------------------
     0 | D:1      | Queen the Draconian Fire Elementalist began the quest for
                  | the Orb.
     0 | D:1      | Reached XP level 1. HP: 14/14 MP: 3/3
   337 | D:1      | Reached XP level 2. HP: 20/20 MP: 1/5
   818 | D:2      | Reached skill level 4 in Fire Magic
  1326 | D:2      | Noticed Robin
  1352 | D:2      | HP: 1/20 [poisoned by an adder]
  1360 | D:2      | HP: 1/20 [poisoned by an adder]
  1360 | D:2      | Slain by an adder

Illustrated notes

Levels and vault maps discovered:
D:1:      tarquinn_simple_flora_water_b, layout_basic, minmay_tromino_mix6
D:2:      layout_basic, old_standard_altar, uniq_robin

Skill      XL: |  1  2 |
---------------+-------+-----
Fire Magic     | 4 |  4.1
Dodging        | |  1.7
Stealth        | |  1.7
Spellcasting   | |  2.0
Conjurations   | |  1.0

Action                   || total
-------------------------++-------
Melee: Unarmed           ||    15
       Tailslap          ||     2
       Spear             ||    17
 Cast: Foxfire           ||    50
  Use: Potion            ||     2
Armor: Skin              ||    17
Dodge: Dodged            ||    48

Table legend: (Time is in decaauts)
 A = Elapsed time spent in this place.
 B = Non-inter-level travel time spent in this place.
 C = Inter-level travel time spent in this place.
 D = Time resting spent in this place.
 E = Time spent auto-exploring this place.
 F = Levels seen in this place.
 G = Mean time per level.
                   A        B        C        D        E       F      G
               +--------+--------+--------+--------+--------+-----+--------+
         Total |   1361 |   1291 |     70 |    598 |    401 |   2 |  680.5 |
       Dungeon |   1361 |   1291 |     70 |    598 |    401 |   2 |  680.5 |
               +--------+--------+--------+--------+--------+-----+--------+

Top non-repeatable levels by time:
     D:1: 765 daAuts
     D:2: 596 daAuts
